 Dungeon Crawl Stone Soup version 0.27-a0-1036-g8e1b44f6bd (webtiles) character file.

Game seed: 11864400557090127595

32 dickylongcocking the Magician (level 3, -3/25 HPs)
             Began as a Djinni Fire Elementalist on Apr 18, 2021.
             Slain by a scorpion (5 damage)
             ... on level 2 of the Dungeon.
             The game lasted 00:01:04 (1595 turns).

dickylongcocking the Magician (DjFE)                Turns: 1595, Time: 00:01:05

Health: -3/25      AC:  3    Str:  7    XL:     3   Next: 27%
Gold:   65         EV: 12    Int: 17    God:
                   SH:  0    Dex: 13

rFire    + + .     SeeInvis .   d - +0 quarterstaff
rCold    x . .     Faith    .   (shield currently unavailable)
rNeg     . . .     Spirit   .   a - +0 robe
rPois    ∞         Reflect  .   b - +0 helmet
rElec    .         Harm     .   (no cloak)
rCorr    .         Rampage  .   (no gloves)
Will     .....                  (boots unavailable)
Stlth    ++........             (no amulet)
HPRegen  0.08/turn              (no ring)
MPRegen  0.00/turn              (no ring)

@: flying
A: fire resistance 2, cold vulnerability 1, float, innate caster, hp casting,
extra vitality 1
a: no special abilities


You were on level 2 of the Dungeon.
You visited 1 branch of the dungeon, and saw 2 of its levels.

You collected 65 gold pieces.

Inventory:

Hand Weapons
 d - a +0 quarterstaff (weapon)
Armour
 a - a +0 robe (worn)
 b - a +0 helmet (worn)
Scrolls
 c - a scroll of identify {unknown}
 e - a scroll of immolation {unknown}
 g - a scroll of teleportation {unknown}
Potions
 f - a potion of curing


   Skills:
 + Level 0.1 Fighting
 + Level 0.6 Staves
 + Level 2.4 Dodging
 + Level 1.9 Stealth
 + Level 3.3 Spellcasting


You couldn't memorise any spells.
You knew the following spells:

 Your Spells              Type           Power      Damage    Failure   Level
a - Foxfire               Conj/Fire      56%        2x1d6     4%          1
b - Conjure Flame         Conj/Fire      14%        6-21      13%         3
c - Inner Flame           Hex/Fire       14%        N/A       13%         3
d - Sticky Flame          Conj/Fire      14%        2d4       41%         4
e - Fireball              Conj/Fire      7%         3d5       77%         5
f - Pain                  Necr           56%        1d6       4%          1
Your spell library was empty.

Dungeon Overview and Level Annotations

Branches:
Dungeon (2/15)

Altars:


Innate Abilities, Weirdness & Mutations

You are immune to poison.
Your flesh is very heat resistant. (rF++)
You are vulnerable to cold. (rC-)
You float through the air rather than walking.
You learn spells naturally, not from books.
Your magical power is your life essence.
You have superior vitality. (+4 HP)


Message History

You kill the rat!
No target in view!
Found a helmet.
No target in view!
A kobold comes into view. It is wielding a +0 dagger.
A kobold is nearby!
The helpless kobold fails to defend itself.
You hit the kobold.
The kobold is moderately wounded.
The kobold hits you with a +0 dagger. The kobold barely misses you.
A kobold is nearby!
You closely miss the kobold.
The kobold is moderately wounded.
The kobold barely misses you.
A kobold is nearby!
You hit the kobold.
You kill the kobold!
No target in view!
Key pressed, stopping explore.
No target in view!
You see here a +0 dagger.
No target in view!
Found a stone staircase leading down.
No target in view!
A scorpion comes into view.
The scorpion stings you. The scorpion stings you!
A scorpion is nearby!
You closely miss the scorpion. The scorpion stings you!
* * * LOW HITPOINT WARNING * * *
A scorpion is nearby!
You are too injured to fight recklessly!
A scorpion is nearby!
Unknown command.
It was a potion of curing.
You feel better. The scorpion stings you!
* * * LOW HITPOINT WARNING * * *
Unknown command.
It was a potion of flight.
You feel more buoyant. The scorpion barely misses you. The scorpion stings you.
You die...

#.# #.# #.# ..### #.# #
####....###### #.#.#
#.....#....[.###.#.#
#.#...#......#.....#
#.#...#........#s######
#.#...#....##..#@.....#
......##...#...#..###.#
..<.................>.#
...#######.#.#####....#
...........#)......####
...##.##############
...# .. #### .# #


You could see a scorpion.

Vanquished Creatures
  4 ball pythons
  4 bats (D:2)
  An endoplasm (D:1)
  A giant cockroach (D:1)
  3 goblins
  A hobgoblin (D:1)
  4 jackals
  5 kobolds
  A quokka (D:1)
  4 frilled lizards
  3 rats
31 creatures vanquished.

Vanquished Creatures (others)
  59 foxfires
59 creatures vanquished.

Grand Total: 90 creatures vanquished

Notes
Turn   | Place    | Note
-------+----------+-------------------------------------------
     0 | D:1      | dickylongcocking the Djinni Fire Elementalist began the
                  | quest for the Orb.
     0 | D:1      | Reached XP level 1. HP: 15/15 MP: 0/0
   374 | D:1      | Reached skill level 3 in Spellcasting
   374 | D:1      | Reached XP level 2. HP: 20/21 MP: 0/0
   834 | D:1      | Found a faded altar of an unknown god.
  1229 | D:2      | Reached XP level 3. HP: 23/25 MP: 0/0
  1229 | D:2      | Learned a level 1 spell: Pain
  1590 | D:2      | Noticed a scorpion
  1595 | D:2      | Slain by a scorpion

Illustrated notes

Levels and vault maps discovered:
D:1:      dpeg_arrival_houses_and_road, layout_rooms,
          hellmonk_ecumenical_altar_heavens_door, st_stairs_7,
          hangedman_decor_clover_reticule
D:2:      minmay_door_path, layout_basic, minmay_pentomino_v4

Skill      XL: |  1 |
---------------+----+-----
Spellcasting   | 3 |  3.3
Fighting       | |  0.1
Staves         | |  0.6
Dodging        | |  2.4
Stealth        | |  1.9

Action                   || total
-------------------------++-------
Melee: Unarmed           ||     1
       Quarterstaff      ||    23
 Cast: Foxfire           ||    43
  Use: Potion            ||     2
 Stab: Sleeping          ||     2
Armor: Robe              ||    13
Dodge: Dodged            ||    36

Table legend: (Time is in decaauts)
 A = Elapsed time spent in this place.
 B = Non-inter-level travel time spent in this place.
 C = Inter-level travel time spent in this place.
 D = Time resting spent in this place.
 E = Time spent auto-exploring this place.
 F = Levels seen in this place.
 G = Mean time per level.
                   A        B        C        D        E       F      G
               +--------+--------+--------+--------+--------+-----+--------+
         Total |   1600 |   1582 |     18 |      0 |   1386 |   2 |  800.0 |
       Dungeon |   1600 |   1582 |     18 |      0 |   1386 |   2 |  800.0 |
               +--------+--------+--------+--------+--------+-----+--------+

Top non-repeatable levels by time:
     D:1: 1088 daAuts
     D:2: 512 daAuts
